Map: [ESL] Royal Blood

Players

Harstem

  • Race: Protoss Protoss
  • League: Master
  • Spawn Location: 1:00

ForJumY - Winner!

  • Race: Protoss Protoss
  • Spawn Location: 7:00

Event: HomeStory Cup XXIII

VOD

Have the link to the VOD?

Description

Time

  • Played on: June 30, 2023, 8:26 a.m.
  • Length: 5:06

All games in this series

Show
View Real Time Build Order
Export as new Build Order

Harstem Protoss 

Build Orders:  

Get SALT Encoding   

  12  0:00  Probe  
  13  0:12  Probe  
  14  0:17  Pylon  
  14  0:24  Probe (Chrono Boost)  
  16  0:36  Probe (Chrono Boost)  
  16  0:37  Gateway  
  16  0:43  Probe (Chrono Boost)  
  16  0:47  Assimilator  
  17  0:51  Probe  
  18  1:03  Probe (Chrono Boost), Gateway  
  19  1:15  Probe (Chrono Boost)  
  19  1:17  Assimilator  
  20  1:23  Probe (Chrono Boost)  
  21  1:25  Cybernetics Core  
  21  1:32  Probe  
  22  1:44  Probe  
  22  1:45  Pylon  
  23  2:04  Warp Gate  
  23  2:06  Robotics Facility  
  23  2:12  Stalker  
  27  2:18  Pylon  
  27  2:22  Stalker  
  27  2:33  Probe  
  28  2:44  Stalker  
  30  2:56  Pylon, Immortal (Chrono Boost)  
  33  3:09  Probe  
  32  3:21  Sentry  
  32  3:25  Warp Prism (Chrono Boost)  
  36  3:34  Pylon  
  36  3:51  Nexus  
  36  3:53  Probe  
  35  4:18  Adept x2  
  35  4:19  Probe  
  32  4:31  Probe  
  23  4:53  Probe  
Show
View Real Time Build Order
Export as new Build Order

ForJumY Protoss - Winner!

Build Orders: Blink Stalkers 

Get SALT Encoding   

  12  0:00  Probe  
  13  0:12  Probe  
  14  0:17  Pylon  
  14  0:24  Probe  
  15  0:36  Probe (Chrono Boost)  
  15  0:37  Gateway  
  16  0:47  Probe (Chrono Boost), Assimilator  
  17  0:52  Probe (Chrono Boost)  
  18  0:58  Assimilator  
  18  1:02  Probe (Chrono Boost)  
  19  1:11  Gateway  
  19  1:16  Probe (Chrono Boost)  
  20  1:21  Probe (Chrono Boost)  
  21  1:29  Cybernetics Core  
  21  1:31  Probe  
  22  1:38  Pylon  
  22  1:43  Probe  
  23  2:05  Warp Gate, Stalker x2  
  27  2:09  Probe  
  28  2:20  Pylon  
  28  2:27  Twilight Council  
  28  2:42  Stalker  
  28  2:43  Stalker  
  32  2:54  Gateway  
  32  3:00  Blink (Chrono Boost)  
  30  3:24  Gateway  
  30  3:28  Pylon  
  30  3:43  Probe  
  30  3:47  Shield Battery  
  31  3:54  Adept  
  31  3:55  Adept x2  
  31  4:18  Adept x3  
  37  4:28  Stalker  
  31  4:47  Stalker x3  
Tags
 
Add a new tag
Caveats
  • Supply blocks, unpowered buildings, or Contaminate may cause inaccurate times.
  • Supply counts are checked every 10 seconds.